 Dungeon Crawl Stone Soup version 0.21-a0-170-g0398fc9 (webtiles) character file.

10621 Deeps the Fighter (level 11, -3/111 HPs)
             Began as a Minotaur Fighter on Aug 6, 2017.
             Was a High Priest of Okawaru.
             Slain by a yak (7 damage)
             ... on level 11 of the Dungeon.
             The game lasted 00:21:24 (8888 turns).

Deeps the Fighter (Minotaur Fighter)                Turns: 8888, Time: 00:21:25

Health: -3/111     AC:  5    Str: 23    XL:     11   Next: 38%
Magic:  10/10      EV: 11    Int:  5    God:    Okawaru [*****.]
Gold:   729        SH:  6    Dex: 15    Spells: 10/10 levels left

rFire    + . .     SeeInvis .   E - +1 battleaxe (venom)
rCold    x . .     Gourm    .   (shield currently unavailable)
rNeg     . . .     Faith    .   x - +1 robe "Zoeliph" {*Drain Regen+ Dex+4} (curse)
rPois    .         Spirit   .   (helmet restricted)
rElec    .         Reflect  +   B - +0 cloak
rCorr    +         Harm     .   m - +0 pair of gloves
MR       .....                  (no boots)
Stlth    +.........             A - +6 amulet of reflection (curse)
HPRegen  0.68/turn              q - ring of fire
MPRegen  0.12/turn              h - ring of resist corrosion

@: no status effects
A: retaliatory headbutt, horns 2
a: Heroism, Finesse, Renounce Religion


You were on level 11 of the Dungeon.
You worshipped Okawaru.
Okawaru was extremely pleased with you.
You were not hungry.

You visited 2 branches of the dungeon, and saw 12 of its levels.

You collected 729 gold pieces.

Inventory:

Hand Weapons
 a - a +0 war axe
 r - a +1 flail of draining
 v - the +4 mace "Grum" {crush, Dex+4}
   (You found it on level 9 of the Dungeon)

   It inflicts extra damage upon your enemies.
   It affects your dexterity (+4).
 E - a +1 battleaxe of venom (weapon)
Armour
 b - a +1 scale mail
 m - a +0 pair of gloves (worn)
 x - the cursed +1 robe "Zoeliph" (worn) {*Drain Regen+ Dex+4}
   (You found it on level 8 of the Dungeon)

   It affects your dexterity (+4).
   It increases your rate of regeneration.
   It causes draining when unequipped.
   It has a curse placed upon it.
 B - a +0 cloak (worn)
Jewellery
 h - a ring of resist corrosion (right hand)
 i - an uncursed ring of protection from fire
 q - a ring of fire (left hand)
 A - a cursed +6 amulet of reflection (around neck)
Wands
 e - a wand of acid (11/15)
 l - a wand of iceblast (14/15)
 u - a wand of lightning (10/15)
Scrolls
 d - a scroll of amnesia
 n - 2 scrolls of fog
 t - a scroll of recharging
 y - a scroll of enchant weapon
 C - a scroll of enchant armour
 D - a scroll of fear
Potions
 c - a potion of degeneration {unknown}
 o - a potion of brilliance
 w - 2 potions of agility
Books
 k - a book of Maledictions

   Spells                             Type                      Level
   a - Corona                         Hexes                        1
   b - Ensorcelled Hibernation        Hexes/Ice                    2
   c - Confuse                        Hexes                        3
   d - Tukima's Dance                 Hexes                        3
   e - Dazzling Spray                 Conjuration/Hexes            3
Comestibles
 f - 6 bread rations
 g - 2 meat rations
 j - 2 fruits
 p - 3 royal jellies
 z - 4 mutagenic chunks of flesh


   Skills:
 + Level 14.8 Fighting
 + Level 14.7 Axes
 - Level 3.7 Armour
   Level 3.6 Shields


You had 10 spell levels left.
You didn't know any spells.

Dungeon Overview and Level Annotations

Branches:
Dungeon (11/15)            Temple (1/1) D:6            Lair (0/6) D:11
    Orc (0/2) D:10

Altars:
Ashenzari
Cheibriados
Dithmenos
Elyvilon
Fedhas
Gozag
Hepliaklqana
Kikubaaqudgha
Makhleb
Nemelex Xobeh
Okawaru
Qazlal
Ru
Sif Muna
Trog
Uskayaw
Vehumet
Wu Jian
Xom
Yredelemnul
Zin
The Shining One

Shops:
D:9 !

Annotations:
D:11 1 runed door, exclusion: 2 oklob plants


Innate Abilities, Weirdness & Mutations

You reflexively headbutt those who attack you in melee.
You have a pair of horns on your head.


Message History

The centaur hits you. The yak gores you! x2
* * * LOW HITPOINT WARNING * * *
The centaur barely misses you. You furiously retaliate!
You headbutt the centaur.
Unknown command.
The yak bellows!
You hit the centaur.
The centaur is poisoned.
The centaur is moderately wounded.
You slash the yak!
The yak is poisoned.
You slash the yak!
The yak looks as sick as possible!
The yak completely misses you. The centaur hits you!
* * * LOW HITPOINT WARNING * * *
The yak gores you!
* * * LOW HITPOINT WARNING * * *
Unknown command.
As you read the scroll of fog, it crumbles to dust.
The scroll dissolves into smoke.
The centaur hits you.
* * * LOW HITPOINT WARNING * * *
The yak gores you!
You die...

######## #####§.....# ###
#§§c§§..#).##.. #
#§Y@Y..###.... .#
#.§##(.###..# ..##
#§§###.Y#..# #...
.....##.....##..###
...........((.......# .
#...#..##.........##..##.
##....# ##..._.((## #.YY.
#$##% #......c..##...# #
#. .............(..#


You could see 3 yaks and a centaur.

Vanquished Creatures
  The ghost of craynaar the Cleaver, a novice MiBe of Trog (D:9)
  A two-headed ogre (D:8)
  An ugly thing (D:11)
  A troll (D:11)
  2 hippogriffs (D:8)
  A spriggan (D:7)
  2 wyverns
  11 yaks
  Eustachio (D:5)
  A hungry ghost (D:8)
  Edmund (D:5)
  A warg (D:10)
  A soldier ant (D:11)
  A water moccasin (D:6)
  Duvessa (D:6)
  7 orc warriors
  A hornet zombie (D:6)
  A black bear (D:10)
  A sky beast (D:11)
  5 ogres
  3 phantoms
  5 centaurs
  2 crocodiles
  2 big kobolds (D:8)
  4 bullfrogs
  A gnoll sergeant (D:11)
  A wyvern zombie (D:11)
  Dowan (D:6)
  3 scorpions
  5 wights (D:8)
  2 crimson imps
  A quasit (D:7)
  A bullfrog zombie (D:7)
  3 centaur zombies
  3 hounds
  3 jellies
  2 iguanas
  11 orc priests
  A bullfrog skeleton (D:6)
  2 centaur skeletons
  Jessica (D:2)
  5 worker ants
  11 orc wizards
  A killer bee zombie (D:7)
  A hound skeleton (D:4)
  12 adders
  11 gnolls
  A worker ant zombie (D:6)
  2 shadow imps (D:6)
  An adder zombie (D:8)
  2 worms
  2 dart slugs
  4 leopard geckos
  39 orcs
  5 giant cockroaches
  4 goblins
  9 hobgoblins
  11 jackals
  3 quokkas
  2 ball pythons (D:7)
  2 bats
  6 frilled lizards
  19 kobolds
  9 rats
261 creatures vanquished.

Vanquished Creatures (others)
  A centaur (D:10)
  An orc wizard (D:6)
  An orc (D:10)
3 creatures vanquished.

Grand Total: 264 creatures vanquished

Notes
Turn   | Place    | Note
-------+----------+-------------------------------------------
     0 | D:1      | Deeps the Minotaur Fighter began the quest for the Orb.
     0 | D:1      | Reached XP level 1. HP: 19/19 MP: 0/0
   116 | D:1      | Reached XP level 2. HP: 23/27 MP: 1/1
   587 | D:2      | Noticed Jessica
   596 | D:2      | Killed Jessica
   596 | D:2      | Reached XP level 3. HP: 25/34 MP: 2/2
   730 | D:2      | You fall through a shaft!
  1052 | D:2      | Reached XP level 4. HP: 40/41 MP: 3/3
  1511 | D:2      | Reached skill level 5 in Fighting
  1779 | D:3      | Reached XP level 5. HP: 48/48 MP: 4/4
  1785 | D:3      | Reached skill level 5 in Axes
  2360 | D:4      | Reached XP level 6. HP: 57/57 MP: 5/5
  2466 | D:4      | Found a snail-covered altar of Cheibriados.
  2813 | D:5      | Entered Level 5 of the Dungeon
  2818 | D:5      | Reached XP level 7. HP: 43/66 MP: 6/6
  2991 | D:5      | Noticed Edmund
  3012 | D:5      | Killed Edmund
  3179 | D:5      | Noticed Eustachio
  3188 | D:5      | Killed Eustachio
  3188 | D:5      | Reached XP level 8. HP: 57/75 MP: 7/7
  3898 | D:6      | Found a staircase to the Ecumenical Temple.
  3913 | Temple   | Entered the Ecumenical Temple
  4020 | Temple   | Became a worshipper of Warmaster Okawaru
  4252 | D:6      | Noticed Duvessa
  4252 | D:6      | Noticed Dowan
  4261 | D:6      | Reached skill level 10 in Fighting
  4266 | D:6      | Killed Duvessa
  4271 | D:6      | Killed Dowan
  4668 | D:7      | Reached skill level 10 in Axes
  4675 | D:7      | Found a blossoming altar of Fedhas.
  4806 | D:7      | Reached * piety under Okawaru
  4806 | D:7      | Reached XP level 9. HP: 41/86 MP: 8/8
  5261 | D:7      | Identified a scroll of acquirement
  5555 | D:8      | Noticed a two-headed ogre
  5594 | D:8      | Reached ** piety under Okawaru
  5627 | D:8      | Killed a two-headed ogre
  5933 | D:8      | Reached XP level 10. HP: 99/99 MP: 9/9
  5980 | D:8      | Reached *** piety under Okawaru
  6422 | D:8      | Got a faintly humming robe
  6433 | D:8      | Identified the cursed +1 robe "Zoeliph" {*Drain Regen+ Dex+4} (You found it on level 8 of the Dungeon)
  6856 | D:9      | Noticed craynaar's ghost (novice MiBe)
  6866 | D:9      | HP: 5/151 [craynaar's ghost (9)]
  6871 | D:9      | Killed craynaar's ghost
  6871 | D:9      | Reached **** piety under Okawaru
  6889 | D:9      | HP: 5/101 [crocodile (3)]
  7199 | D:9      | Found Nuvvazof's Distillery.
  7356 | D:9      | Got a transparent mace
  7357 | D:9      | Identified the +4 mace "Grum" {crush, Dex+4} (You found it on level 9 of the Dungeon)
  7558 | D:10     | Entered Level 10 of the Dungeon
  7780 | D:10     | Found a staircase to the Orcish Mines.
  7862 | D:10     | Reached ***** piety under Okawaru
  7864 | D:10     | Reached XP level 11. HP: 33/110 MP: 10/10
  8758 | D:11     | Noticed an oklob plant
  8759 | D:11     | Noticed an oklob plant
  8760 | D:11     | Found a staircase to the Lair.
  8770 | D:11     | Noticed a sixfirhy
  8771 | D:11     | Found a runed door.
  8830 | D:11     | Found a shadowy altar of Dithmenos.
  8830 | D:11     | Noticed a white ugly thing
  8843 | D:11     | Killed a white ugly thing
  8843 | D:11     | Received a gift from Okawaru
  8865 | D:11     | Noticed a six-headed hydra
  8888 | D:11     | HP: 4/111 [centaur (4)]
  8888 | D:11     | Slain by a yak

Vault maps used:
D:1:      minmay_arrival_semitransparent
D:2:      first_bread, uniq_jessica
D:4:      wad_pebble_path, kennysheep_slug_shrine, columned_hall_lemuel,
          kennysheep_boxes
D:5:      uniq_eustachio, uniq_edmund
D:6:      minmay_temple_entry_glassed_door, uniq_duvessa
D:7:      basic_altar, the_bakery
D:9:      serial_shops, shop
D:10:     david_orc_3
D:11:     cheibrodos_shockbox, dpeg_oklobed_lair,
          nicolae_dithmenos_shadow_blocks
Temple:   kilobyte_greek_temple

Skill      XL: |  1  2  3  4  5  6  7  8  9 10 11 |
---------------+----------------------------------+-----
Fighting       | 4 5 6 7 8 10 12 14 | 14.8
Axes           | 3 4 5 6 8 10 12 13 14 | 14.7
Armour         | |  3.7
Shields        | |  3.6

Action                   |  1- 3 |  4- 6 |  7- 9 | 10-12 || total
-------------------------+-------+-------+-------+-------++-------
Melee: War axe           |    69 |   111 |   247 |   135 ||   562
       Headbutt          |    11 |    22 |    51 |    89 ||   173
       Mace              |       |       |       |   175 ||   175
       Battleaxe         |       |       |       |     3 ||     3
Invok: Heroism           |       |       |       |     2 ||     2
  Use: Scroll            |     1 |     6 |     5 |     2 ||    14
       Potion            |       |     3 |     6 |     4 ||    13
 Stab: Invisible         |       |     3 |       |       ||     3
  Eat: Chunk             |       |     4 |     3 |     7 ||    14
       Bread ration      |       |     1 |     1 |     1 ||     3
Armor: Scale mail        |    41 |    47 |    86 |    14 ||   188
       Robe              |       |       |       |    23 ||    23
Dodge: Dodged            |    31 |    37 |    66 |    70 ||   204
Block: Shield            |    42 |    40 |   167 |   254 ||   503
       Reflection        |       |       |     1 |    21 ||    22
